 Dungeon Crawl Stone Soup version 0.30.1-9-gdf580d7c3d (webtiles) character file.

Game seed: 1417077045455897790

12456 cbfl8 the Cleaver (level 11, 0/97 HPs)
             Began as a Minotaur Berserker on Sept 26, 2023.
             Was a High Priest of Trog.
             Slain by a tengu conjurer
             ... wielding a +2 heavy morningstar
              (7 damage)
             ... on level 11 of the Dungeon.
             The game lasted 00:12:02 (10222 turns).

cbfl8 the Cleaver (Minotaur Berserker)             Turns: 10222, Time: 00:12:04

Health: 0/97       AC: 28    Str: 20    XL:     11   Next: 62%
Magic:  10/10      EV:  6    Int:  4    God:    Trog [*****.]
Gold:   1141       SH: 11    Dex: 14    Spells: 10/10 levels left

rFire   . . .        k - +1 broad axe (chaos)
rCold   . . .        C - +0 kite shield
rNeg    . . .        o - +8 plate armour of Kairoas {Harm Will++ rCorr Str-2}
rPois   .            (helmet restricted)
rElec   .            w - +0 cloak
rCorr   +            n - +0 pair of gloves
SInv    .            F - +2 pair of boots {Fly}
Will    ++++.        f - amulet of regeneration Stlth
                     i - ring of flight
HPRegen 2.16/turn    y - ring of resist corrosion
MPRegen 0.12/turn

%: harm (+30% outgoing, +20% incoming)
@: mighty, strong-willed, on berserk cooldown, flying, regenerating, slowed,
very slow
A: horns 2, retaliatory headbutt
a: Renounce Religion, Berserk, Trog's Hand, Brothers in Arms


You were on level 11 of the Dungeon.
You worshipped Trog.
Trog was extremely pleased with you.
You visited 1 branch of the dungeon, and saw 11 of its levels.
You also visited: Bailey.

You collected 1141 gold pieces.

Inventory:

Hand Weapons
 k - a +1 broad axe of chaos (weapon)
Missiles
 z - 2 throwing nets
Armour
 n - a +0 pair of gloves (worn)
 o - the +8 plate armour of Kairoas (worn) {Harm Will++ rCorr Str-2}
   (You found it on level 3 of the Dungeon)

   Str:       It affects your strength (-2).
   rCorr:     It protects you from acid and corrosion.
   Harm:      It increases damage dealt and taken.
   Will:      It greatly increases your willpower.
 w - a +0 cloak (worn)
 C - a +0 kite shield (worn)
 F - a +2 pair of boots of flying (worn)
Jewellery
 f - an amulet of regeneration (around neck)
 i - a ring of flight (left hand)
 y - a ring of resist corrosion (right hand)
Wands
 d - a wand of iceblast (9)
 l - a wand of charming (13) (quivered)
 u - a wand of flame (27)
 A - a wand of digging (7)
Scrolls
 h - 3 scrolls of enchant armour {unknown}
 m - 2 scrolls of poison
 t - 4 scrolls of noise
 v - 2 scrolls of fog
 x - 2 scrolls of immolation {unknown}
 D - a scroll of butterflies {unknown}
 G - a scroll of acquirement {unknown}
Potions
 a - 2 potions of degeneration {unknown}
 b - 3 potions of might
 g - 2 potions of berserk rage
 p - 6 potions of curing
 r - 3 potions of flight
 s - 2 potions of mutation {unknown}
 B - 2 potions of magic {unknown}
 H - a potion of ambrosia {unknown}


   Skills:
 + Level 9.4 Fighting
 + Level 13.7 Axes
 + Level 8.6 Armour
 - Level 2.1 Dodging
 * Level 9.9 Shields
 * Level 7.0 Evocations


You had 10 spell levels left.
You didn't know any spells.
Your spell library was empty.

Dungeon Overview and Level Annotations

Branches:
Dungeon (11/15)            Temple (0/1) D:4            Lair (0/5) D:9
 Bailey (visited)
    Orc: D:9-12

Altars:
Cheibriados
Kikubaaqudgha
Nemelex Xobeh
Qazlal
Trog
Uskayaw
Vehumet
Wu Jian
Xom
Yredelemnul
Zin

Shops:
D:4 *

Annotations:
D:6 2 runed translucent doors, laqueoix's ghost, novice DsGl


Innate Abilities, Weirdness & Mutations

You have a pair of horns on your head.
You reflexively headbutt those who attack you in melee.


Message History

The rakshasa blinks!
The boulder beetle waves its antennae.
You hear some strange, mumbled words.
The battlesphere appears!
The troll closely misses your two-headed ogre.
The troll claws your two-headed ogre.
The troll claws your two-headed ogre but does no damage.
The boulder beetle waves its antennae.
A battlesphere comes into view.
Okay, then.
Aiming: Charm
Press: ? - help, Q - select action, (/) - cycle Shift-Dir - straight line, f - manticore
Aim: a manticore (chance to affect: 49%)
The manticore resists with some effort.
Your two-headed ogre hits the troll with a +0 giant club!!
Your two-headed ogre hits the troll with a +0 dire flail!!
The troll dies!
Trog accepts your kill.
The troll leather armour is intact enough to wear.
Something hits you but does no damage. Something pecks you but does no damage.
Something claws you but does no damage.
A deep elf archer comes into view.
It is wielding a +0 dagger and wearing the ring "Maefemn" {Fly rPois rC+ SInv}.
The manticore bites you!
* * * LOW HITPOINT WARNING * * *
The manticore barely misses you. You block the manticore's attack.
The boulder beetle waves its antennae.
Your Evocations skill increases to level 7!
Found four items.
The tengu warrior shouts! x2
Your two-headed ogre hits the manticore with a +0 giant club!!
Your two-headed ogre hits the manticore with a +0 dire flail!!
The manticore dies!
Trog accepts your kill.
The rakshasa weaves an illusion.
The deep elf archer shimmers and seems to become two!
Your two-headed ogre hits the troll with a +0 giant club!!!
The troll dies!
Trog accepts your kill. Something hits you.
You die... #............ l/)$

#..........# /:?.
#.!........# #
$$[$Q#...).†....# #
$.C.z#...†.†....# .
$.$c#.[.*......# ##.
#######.OR........## #.#
........†.e.....#..###..
#...#.@..e.....##...{..
#.. #...##'#######.#8..
#...##'### #.....
#........### ####..
##.#.#.#.#.## #.#
#...........# ##.
#...#.#.#.#.#.## #.
.............<..# ##
######.#.#.#.#.##


You could see a rakshasa, a skeletal warrior, a tengu warrior, a centaur
warrior, 2 deep elf archers, a basilisk, a battlesphere (distracted) and a
friendly two-headed ogre (summoned, berserk).

Vanquished Creatures
  Erolcha (D:10)
  A two-headed ogre (D:11)
  A deep troll (D:11)
  Maurice (D:10)
  Joseph (D:7)
  A troll (D:10)
  Sigmund (D:2)
  A wraith (D:9)
  13 yaks
  A shadow (D:8)
  A vampire (D:11)
  5 vampire mosquitoes
  Menkaure (D:7)
  3 wargs (D:9)
  An acid dragon (D:11)
  3 water moccasins
  3 black bears
  A sky beast (D:7)
  2 ice beasts (D:8)
  8 orc warriors
  An ogre (D:5)
  A wolf (D:8)
  8 centaurs
  2 phantoms
  A kobold brigand (D:10)
  3 bullfrogs
  7 scorpions
  3 gnoll sergeants (D:10)
  10 wights
  7 killer bees
  5 howler monkeys
  12 hounds
  5 orc priests
  8 orc wizards
  4 sleepcaps (D:6)
  2 gnoll boudas (D:10)
  Natasha (thrice) (D:2)
  4 iguanas
  Robin (D:3)
  5 adders
  18 gnolls
  A white imp (D:6)
  6 ufetubi
  A dart slug (D:4)
  28 orcs
  5 ball pythons
  6 bats
  9 endoplasms
  2 giant cockroaches (D:1)
  14 goblins
  14 hobgoblins
  3 jackals (D:10)
  24 kobolds
  4 quokkas
  3 frilled lizards
  8 rats
288 creatures vanquished.

Vanquished Creatures (collateral kills)
  A manticore (D:11)
  2 trolls (D:11)
  A howler monkey (D:11)
4 creatures vanquished.

Vanquished Creatures (others)
  An orc wizard (D:11)
1 creature vanquished.

Grand Total: 293 creatures vanquished

Notes
Turn   | Place    | Note
-------+----------+-------------------------------------------
     0 | D:1      | cbfl8 the Minotaur Berserker began the quest for the Orb.
     0 | D:1      | Reached XP level 1. HP: 19/19 MP: 0/0
    34 | D:1      | Reached XP level 2. HP: 27/27 MP: 1/1
   247 | D:1      | Reached skill level 1 in Shields
   310 | D:1      | Reached skill level 4 in Axes
   782 | D:2      | Reached XP level 3. HP: 30/33 MP: 2/2
   871 | D:2      | Noticed Sigmund
   881 | D:2      | Killed Sigmund
   882 | D:2      | Reached skill level 5 in Axes
   882 | D:2      | Reached skill level 1 in Evocations
   882 | D:2      | Reached XP level 4. HP: 41/41 MP: 3/3
   882 | D:2      | Reached XP level 5. HP: 47/47 MP: 4/4
  1171 | D:2      | Noticed Natasha
  1177 | D:2      | Killed Natasha
  1178 | D:2      | Reached skill level 5 in Fighting
  1281 | D:2      | Noticed Natasha
  1288 | D:2      | Killed Natasha
  1288 | D:2      | Reached ** piety under Trog
  1927 | D:2      | Noticed Natasha
  1938 | D:2      | Killed Natasha
  1939 | D:2      | Reached XP level 6. HP: 56/56 MP: 5/5
  1977 | D:3      | Identified the +2 helmet of the Eight Shrikes {MP+9 Int+2}
  1977 | D:3      | Noticed Robin
  1987 | D:3      | Killed Robin
  2116 | D:3      | Found a basalt altar of Yredelemnul.
  2116 | D:3      | Identified the +8 plate armour of Kairoas {Harm Will++
                  | rCorr Str-2}
  2761 | D:4      | Reached skill level 6 in Axes
  2796 | D:4      | Found Jon Tio's Gadget Gallery.
  2812 | D:4      | Reached XP level 7. HP: 56/61 MP: 6/6
  2863 | D:4      | Found a staircase to the Ecumenical Temple.
  2952 | D:4      | Found a radiant altar of Vehumet.
  2982 | D:4      | Reached *** piety under Trog
  2988 | D:4      | Reached skill level 7 in Axes
  3403 | D:5      | Entered Level 5 of the Dungeon
  3682 | D:5      | Reached XP level 8. HP: 63/70 MP: 7/7
  3692 | D:5      | Reached skill level 8 in Axes
  3892 | D:5      | Identified the +0 helmet of Oleokokh {rPois rC++ rCorr
                  | Str-3}
  4048 | D:5      | Found an ancient bone altar of Kikubaaqudgha.
  4048 | D:5      | Found a sparkling altar of Nemelex Xobeh.
  4052 | D:5      | Found a hide-covered altar of Uskayaw.
  4053 | D:5      | Found an ornate altar of the Wu Jian Council.
  4055 | D:5      | Found a stormy altar of Qazlal.
  4055 | D:5      | Found a glowing silver altar of Zin.
  4056 | D:5      | Found a snail-covered altar of Cheibriados.
  4058 | D:5      | Found a shimmering altar of Xom.
  4062 | D:5      | Found a bloodstained altar of Trog.
  4249 | D:6      | Reached skill level 5 in Armour
  4305 | D:6      | Found a large runed translucent door.
  4305 | D:6      | Found a large runed translucent door.
  4443 | D:6      | Reached skill level 5 in Shields
  4522 | D:6      | Reached skill level 9 in Axes
  4701 | D:6      | Reached XP level 9. HP: 70/78 MP: 8/8
  4952 | D:6      | Reached **** piety under Trog
  5034 | D:6      | Noticed laqueoix's ghost (novice DsGl)
  5089 | D:7      | Noticed Joseph
  5100 | D:7      | Killed Joseph
  5242 | D:7      | Reached skill level 10 in Axes
  5554 | D:7      | Noticed Menkaure
  5556 | D:7      | Killed Menkaure
  6118 | D:8      | Reached skill level 5 in Evocations
  6138 | D:8      | Reached skill level 11 in Axes
  6350 | D:8      | Reached XP level 10. HP: 88/88 MP: 9/9
  6895 | D:9      | Found a staircase to the Lair.
  6907 | D:9      | Reached skill level 12 in Axes
  7849 | D:10     | Entered Level 10 of the Dungeon
  7935 | D:10     | Noticed Maurice
  7946 | D:10     | Killed Maurice
  7947 | D:10     | Reached XP level 11. HP: 95/95 MP: 10/10
  7983 | D:10     | Found a flagged portal.
  8003 | Bailey   | Entered a bailey
  8072 | Bailey   | Reached ***** piety under Trog
  8097 | Bailey   | Reached skill level 13 in Axes
  9508 | D:10     | Noticed Erolcha
  9548 | D:10     | Killed Erolcha
  9953 | D:11     | Noticed a two-headed ogre
 10043 | D:11     | Killed a two-headed ogre
 10056 | D:11     | Noticed a boulder beetle
 10180 | D:11     | Noticed a boulder beetle
 10187 | D:11     | Identified the +3 glaive "Egg" {holy, Dex+5}
 10187 | D:11     | Noticed a centaur warrior
 10195 | D:11     | Noticed a rakshasa
 10195 | D:11     | Noticed a wolf spider
 10203 | D:11     | Noticed a deep troll
 10212 | D:11     | Killed a deep troll
 10216 | D:11     | Noticed a centaur warrior
 10216 | D:11     | Noticed a skeletal warrior
 10217 | D:11     | Noticed a boulder beetle
 10217 | D:11     | HP: 1/97 [something/bolt of lightning (25)]
 10221 | D:11     | Identified the ring "Maefemn" {Fly rPois rC+ SInv}
 10221 | D:11     | Noticed a deep elf archer
 10221 | D:11     | Noticed a tengu warrior
 10222 | D:11     | Noticed a tengu warrior
 10222 | D:11     | Slain by a tengu conjurer

Illustrated notes

Levels and vault maps discovered:
D:1:      giann_bridges, layout_loops_ring, feat_on_display
D:2:      layout_basic, minmay_misc_feat_more_columns, uniq_sigmund,
          uniq_natasha
D:3:      layout_loops_cross, mainiacjoe_overflow_chevrons, minmay_cut_off,
          uniq_robin
D:4:      layout_layer_cave, vehumet_altar_wand_db, minmay_temple_entry_hall,
          nicolae_shop_gadgets
D:5:      layout_basic, nicolae_overflow_hallway_of_the_gods
D:6:      layout_gridville, ebering_ghost_disaster_area, grunt_tough_drop
D:7:      layout_loops_ring, minmay_puff, uniq_menkaure, uniq_joseph
D:8:      layout_gridville, serial_ice, serial_ice_f, serial_ice_a,
          serial_ice_o, serial_ice_c
D:9:      layout_gridville, erik_lair_orcish_takeover, minivault_26
D:10:     layout_cave_pools, serial_gnoll_camp, gnoll_camp_huts_basic,
          gnoll_camp_mini_house, gnoll_camp_mini_doghouse,
          gnoll_camp_mini_basic, enter_bailey_4, uniq_erolcha, uniq_maurice
D:11:     minmay_complete_graph, layout_basic, st_stairs_11, minivault_12

Skill      XL: |  1  2  3  4  5  6  7  8  9 10 11 |
---------------+----------------------------------+-----
Fighting       | 4 5 6 7 8 9 |  9.4
Shields        | 1 2 3 4 5 6 8 9 |  9.9
Axes           | 4 5 6 7 9 11 12 13 | 13.7
Armour         | 3 4 5 6 7 8 |  8.6
Evocations     | 1 2 3 4 5 6 7 |  7.0
Dodging        | |  2.1

Action                     |  1- 3 |  4- 6 |  7- 9 | 10-12 || total
---------------------------+-------+-------+-------+-------++-------
  Melee: Hand axe          |    44 |     4 |       |       ||    48
         Headbutt          |     8 |    11 |    42 |    54 ||   115
         Broad axe         |       |    85 |   194 |   281 ||   560
         Punch             |       |     1 |     5 |       ||     6
 Invoke: Berserk           |     1 |       |     2 |     5 ||     8
         Trog's Hand       |       |       |     1 |     3 ||     4
         Brothers in Arms  |       |       |       |     1 ||     1
  Evoke: Wand              |       |       |     1 |     5 ||     6
    Use: Scroll            |       |       |    11 |    10 ||    21
         Potion            |       |       |       |     2 ||     2
   Stab: Paralysed         |       |       |       |     2 ||     2
         Petrifying        |       |       |       |     1 ||     1
 Armour: Scale mail        |     7 |       |       |       ||     7
         Animal skin       |     5 |       |       |       ||     5
         Chain mail        |       |    22 |       |       ||    22
         Plate armour      |       |    56 |   203 |   214 ||   473
  Dodge: Dodged            |    19 |    44 |    77 |    83 ||   223
  Block: Kite shield       |       |       |       |   196 ||   196
